General information
- name: BNet
- type: Ladder team game (AT/RT)
- host: Battle.net
- saver: 7o10so4880ooOoO
map: Battleground
- players: 8
- length: 34:12
- speed: Fast
- version: 1.28 W3XP
- replay type: Public
» download(245 KB)
Players
team 1 (winner)

»
Delroy (
purple | 48 APM | 1654 actions | 34:12)
5 Death Knight
2 Death Coil
3 Unholy Aura
3 Lich
2 Frost Nova
1 Frost Armor
» actions
| Assign group hotkey | 4 | |
| Basic commands | 61 | |
| Build / train | 58 | |
| ESC pressed | 1 | |
| Enter build submenu | 17 | |
| Enter hero's abilities submenu | 8 | |
| Give item / drop item | 2 | |
| Remove unit from queue | 2 | |
| Right click | 1065 | |
| Select / deselect | 361 | |
| Select group hotkey | 4 | |
| Use ability | 71 | |
1654 total
» units
| Acolyte | 8 | |
| Ghoul | 4 | |
| Crypt Fiend | 8 | |
| Frost Wyrm | 4 | |
24 total
» upgrades
| Creature Attack | 3 | |
| Creature Carapace | 3 | |
| Web | 1 | |
| Freezing Breath | 1 | |
8 total
» buildings
| Crypt | 1 | |
| Ziggurat | 7 | |
| Altar of Darkness | 1 | |
| Graveyard | 1 | |
| Tomb of Relics | 1 | |
| Halls of the Dead | 1 | |
| Black Citadel | 2 | |
| Sacrificial Pit | 1 | |
| Boneyard | 2 | |
17 total
» build order
00:19 Crypt
00:42 Ziggurat
00:49 Altar of Darkness
01:19 Graveyard
01:54 Ziggurat
02:36 Ziggurat
03:49 Tomb of Relics
04:53 Halls of the Dead
05:54 Ziggurat
07:56 Black Citadel
09:19 Sacrificial Pit
10:53 Boneyard
10:56 Boneyard
11:54 Ziggurat
11:58 Ziggurat
16:48 Ziggurat
» items
| Scroll of Town Portal | 6 | |
| Orb of Corruption | 2 | |
| Healing Salve | 1 | |
9 total
Silver07 (
blue | 80 APM | 2466 actions | 30:59)
4 Death Knight
2 Death Coil
2 Unholy Aura
2 Lich
1 Frost Nova
1 Frost Armor
» actions
| Assign group hotkey | 24 | |
| Build / train | 60 | |
| Enter build submenu | 20 | |
| Enter hero's abilities submenu | 6 | |
| Give item / drop item | 2 | |
| Right click | 1538 | |
| Select / deselect | 381 | |
| Select group hotkey | 358 | |
| Use ability | 77 | |
2466 total
» units
| Acolyte | 13 | |
| Ghoul | 4 | |
| Crypt Fiend | 7 | |
| Obsidian Statue | 6 | |
| Frost Wyrm | 5 | |
35 total
» upgrades
| Creature Attack | 1 | |
| Creature Carapace | 1 | |
| Web | 1 | |
3 total
» buildings
| Crypt | 1 | |
| Graveyard | 1 | |
| Ziggurat | 6 | |
| Altar of Darkness | 1 | |
| Tomb of Relics | 1 | |
| Nerubian Tower | 1 | |
| Halls of the Dead | 2 | |
| Spirit Tower | 1 | |
| Slaughterhouse | 1 | |
| Black Citadel | 1 | |
| Sacrificial Pit | 1 | |
| Boneyard | 2 | |
19 total
» build order
00:32 Crypt
00:35 Graveyard
00:42 Ziggurat
00:59 Altar of Darkness
01:15 Ziggurat
01:56 Tomb of Relics
02:55 Nerubian Tower
04:13 Ziggurat
04:28 Halls of the Dead
04:28 Halls of the Dead
06:19 Ziggurat
06:19 Spirit Tower
06:51 Slaughterhouse
08:36 Black Citadel
09:08 Sacrificial Pit
10:55 Ziggurat
11:09 Boneyard
11:30 Boneyard
11:59 Ziggurat
» items
| Rod of Necromancy | 2 | |
| Dust of Appearance | 2 | |
| Potion of Healing | 2 | |
| Scroll of Town Portal | 3 | |
9 total
7o10so4880ooOoO (
orange | 121 APM | 4144 actions | 34:12)
5 Archmage
3 Summon Water Elemental
2 Brilliance Aura
» actions
| Assign group hotkey | 118 | |
| Basic commands | 473 | |
| Build / train | 219 | |
| ESC pressed | 10 | |
| Enter build submenu | 66 | |
| Enter hero's abilities submenu | 5 | |
| Give item / drop item | 2 | |
| Remove unit from queue | 3 | |
| Right click | 1151 | |
| Select / deselect | 552 | |
| Select group hotkey | 1291 | |
| Use ability | 254 | |
4144 total
» units
| Peasant | 16 | |
| Footman | 5 | |
| Rifleman | 20 | |
| Sorceress | 5 | |
| Priest | 3 | |
| Mortar Team | 2 | |
| Gryphon Rider | 2 | |
53 total
» upgrades
| Masonry | 3 | |
| Gunpowder | 3 | |
| Long Rifles | 1 | |
| Armor | 3 | |
| Lumber Harvesting | 2 | |
| Sorceress Training | 2 | |
| Priest Training | 2 | |
| Plating | 1 | |
| Swords | 1 | |
| Fragmentation Shards | 1 | |
| Flare | 1 | |
20 total
» buildings
| Altar of Kings | 1 | |
| Farm | 13 | |
| Barracks | 2 | |
| Lumber Mill | 1 | |
| Arcane Vault | 1 | |
| Keep | 4 | |
| Scout Tower | 33 | |
| Blacksmith | 1 | |
| Arcane Tower | 11 | |
| Guard Tower | 80 | |
| Castle | 2 | |
| Town Hall | 1 | |
| Arcane Sanctum | 3 | |
| Gryphon Aviary | 2 | |
| Workshop | 2 | |
157 total
» build order
00:36 Altar of Kings
00:51 Farm
01:04 Farm
01:08 Farm
01:20 Barracks
02:11 Lumber Mill
02:30 Arcane Vault
03:08 Farm
03:38 Keep
03:38 Keep
03:38 Keep
04:35 Scout Tower
04:37 Blacksmith
04:48 Scout Tower
04:51 Scout Tower
05:07 Arcane Tower
05:07 Arcane Tower
05:07 Arcane Tower
05:18 Guard Tower
05:18 Guard Tower
05:18 Guard Tower
05:19 Guard Tower
05:19 Guard Tower
05:19 Guard Tower
06:18 Farm
06:24 Farm
06:31 Farm
06:53 Castle
06:53 Castle
07:52 Scout Tower
07:53 Scout Tower
08:26 Guard Tower
08:28 Guard Tower
08:28 Guard Tower
09:16 Town Hall
09:25 Scout Tower
09:26 Scout Tower
09:26 Scout Tower
09:28 Scout Tower
10:21 Guard Tower
10:21 Guard Tower
10:21 Guard Tower
10:22 Guard Tower
10:22 Guard Tower
11:10 Scout Tower
11:12 Scout Tower
11:13 Scout Tower
11:39 Guard Tower
11:39 Guard Tower
11:40 Guard Tower
11:40 Guard Tower
11:40 Guard Tower
11:40 Guard Tower
11:42 Guard Tower
11:43 Guard Tower
11:43 Guard Tower
11:46 Scout Tower
11:50 Scout Tower
12:12 Arcane Tower
12:12 Arcane Tower
12:17 Guard Tower
12:21 Arcane Tower
12:22 Arcane Tower
13:01 Arcane Sanctum
13:04 Arcane Sanctum
14:43 Scout Tower
14:44 Scout Tower
14:48 Scout Tower
15:01 Barracks
15:05 Arcane Sanctum
15:22 Guard Tower
15:23 Guard Tower
15:28 Scout Tower
15:29 Scout Tower
15:31 Scout Tower
16:07 Guard Tower
16:07 Guard Tower
16:07 Guard Tower
16:29 Guard Tower
16:29 Guard Tower
16:30 Guard Tower
16:50 Guard Tower
16:51 Guard Tower
16:51 Guard Tower
16:55 Scout Tower
16:57 Scout Tower
17:38 Guard Tower
19:17 Farm
19:18 Farm
19:34 Farm
19:38 Farm
19:40 Farm
19:41 Farm
20:03 Gryphon Aviary
20:06 Gryphon Aviary
21:03 Workshop
21:07 Workshop
28:04 Scout Tower
28:06 Scout Tower
28:07 Scout Tower
28:08 Scout Tower
28:12 Scout Tower
28:14 Scout Tower
28:17 Scout Tower
28:18 Scout Tower
28:23 Scout Tower
28:24 Scout Tower
28:27 Scout Tower
28:36 Guard Tower
28:37 Guard Tower
28:37 Guard Tower
28:37 Guard Tower
28:38 Guard Tower
28:38 Guard Tower
28:38 Guard Tower
28:46 Guard Tower
28:47 Guard Tower
28:47 Guard Tower
28:47 Guard Tower
28:49 Guard Tower
28:49 Guard Tower
28:49 Guard Tower
28:52 Guard Tower
28:52 Guard Tower
28:53 Guard Tower
28:57 Guard Tower
28:57 Guard Tower
28:58 Guard Tower
28:58 Guard Tower
29:01 Guard Tower
29:01 Guard Tower
29:01 Guard Tower
» items
| Scroll of Regeneration | 6 | |
| Mechanical Critter | 3 | |
| Scroll of Town Portal | 2 | |
| Staff of Sanctuary | 1 | |
| Potion of Healing | 1 | |
| Orb of Corruption | 1 | |
| Potion of Lesser Invulnerability | 1 | |
| Staff of Teleportation | 1 | |
16 total
her-emails-tho (
yellow | 59 APM | 2004 actions | 34:12)
5 Pandaren Brewmaster
3 Breath of Fire
2 Drunken Brawler
» actions
| Assign group hotkey | 38 | |
| Basic commands | 98 | |
| Build / train | 58 | |
| Enter build submenu | 24 | |
| Enter hero's abilities submenu | 5 | |
| Remove unit from queue | 2 | |
| Right click | 827 | |
| Select / deselect | 244 | |
| Select group hotkey | 632 | |
| Use ability | 76 | |
2004 total
» units
| Peon | 12 | |
| Troll Batrider | 8 | |
| Wind Rider | 5 | |
| Raider | 1 | |
26 total
» upgrades
| Ranged Weapons | 3 | |
| Reinforced Defenses | 1 | |
| Liquid Fire | 1 | |
| Armor | 2 | |
7 total
» buildings
| Altar of Storms | 1 | |
| Orc Burrow | 7 | |
| Voodoo Lounge | 1 | |
| Stronghold | 1 | |
| War Mill | 1 | |
| Watch Tower | 14 | |
| Fortress | 2 | |
| Beastiary | 3 | |
30 total
» build order
00:07 Altar of Storms
00:15 Orc Burrow
00:47 Voodoo Lounge
02:24 Stronghold
02:31 War Mill
02:35 Orc Burrow
02:59 Orc Burrow
04:18 Watch Tower
04:19 Watch Tower
04:23 Watch Tower
04:27 Watch Tower
05:22 Fortress
05:23 Fortress
05:30 Beastiary
06:01 Beastiary
06:22 Orc Burrow
06:27 Watch Tower
09:14 Watch Tower
09:21 Watch Tower
10:52 Orc Burrow
10:56 Beastiary
11:26 Watch Tower
12:18 Orc Burrow
12:47 Watch Tower
16:36 Orc Burrow
20:45 Watch Tower
20:45 Watch Tower
20:46 Watch Tower
20:48 Watch Tower
20:55 Watch Tower
» items
| Healing Salve | 2 | |
| Staff of Teleportation | 1 | |
| Potion of Invisibility | 3 | |
| Scroll of Town Portal | 2 | |
| Potion of Lesser Invulnerability | 1 | |
| Tiny Great Hall | 1 | |
10 total
team 2 (loser)

»
AndrewSucksD1ck (
teal | 47 APM | 908 actions | 19:17)
4 Far Seer
2 Feral Spirit
2 Chain Lighting
2 Shadow Hunter
1 Healing Wave
1 Hex
» actions
| Build / train | 64 | |
| Enter build submenu | 16 | |
| Enter hero's abilities submenu | 7 | |
| Right click | 462 | |
| Select / deselect | 305 | |
| Use ability | 54 | |
908 total
» units
| Peon | 9 | |
| Grunt | 1 | |
| Troll Headhunter/Berserker | 13 | |
| Raider | 13 | |
| Troll Witch Doctor | 4 | |
40 total
» upgrades
| Armor | 2 | |
| Witch Doctor Training | 2 | |
| Ensnare | 1 | |
| Melee Weapons | 1 | |
| Pillage | 1 | |
| Shaman Training | 1 | |
| Berserker Upgrade | 1 | |
9 total
» buildings
| Altar of Storms | 1 | |
| Orc Burrow | 7 | |
| Barracks | 1 | |
| War Mill | 1 | |
| Stronghold | 2 | |
| Beastiary | 1 | |
| Spirit Lodge | 2 | |
| Fortress | 2 | |
17 total
» build order
00:09 Altar of Storms
00:28 Orc Burrow
01:12 Barracks
02:05 War Mill
02:15 Orc Burrow
03:00 Stronghold
03:00 Stronghold
03:22 Orc Burrow
06:16 Orc Burrow
07:11 Beastiary
07:13 Spirit Lodge
07:54 Fortress
07:54 Fortress
08:37 Orc Burrow
10:23 Spirit Lodge
12:16 Orc Burrow
14:46 Orc Burrow
» items

»
NuttyFiend (
red | 69 APM | 1116 actions | 16:11)
4 Archmage
2 Summon Water Elemental
2 Brilliance Aura
1 Paladin
1 Holy Light
» actions
| Build / train | 45 | |
| ESC pressed | 10 | |
| Enter build submenu | 25 | |
| Enter hero's abilities submenu | 5 | |
| Give item / drop item | 1 | |
| Right click | 700 | |
| Select / deselect | 272 | |
| Use ability | 58 | |
1116 total
» units
| Peasant | 9 | |
| Rifleman | 9 | |
| Siege Engine | 8 | |
26 total
» upgrades
| Gunpowder | 2 | |
| Armor | 1 | |
| Lumber Harvesting | 1 | |
| Plating | 1 | |
| Masonry | 1 | |
6 total
» buildings
| Farm | 11 | |
| Altar of Kings | 1 | |
| Blacksmith | 1 | |
| Barracks | 1 | |
| Keep | 1 | |
| Lumber Mill | 1 | |
| Workshop | 3 | |
| Castle | 1 | |
| Town Hall | 2 | |
| Scout Tower | 14 | |
| Guard Tower | 3 | |
39 total
» build order
00:22 Farm
00:25 Altar of Kings
00:46 Blacksmith
01:01 Farm
01:38 Farm
01:40 Barracks
01:45 Farm
04:35 Keep
05:24 Farm
05:27 Farm
05:28 Farm
06:56 Lumber Mill
07:55 Workshop
08:01 Workshop
08:28 Workshop
09:11 Castle
11:15 Farm
11:16 Farm
11:18 Farm
11:18 Farm
12:19 Town Hall
12:21 Scout Tower
12:22 Scout Tower
12:23 Scout Tower
12:24 Scout Tower
12:25 Scout Tower
12:26 Scout Tower
12:49 Town Hall
14:21 Scout Tower
14:35 Scout Tower
14:38 Scout Tower
14:53 Guard Tower
14:56 Scout Tower
14:59 Scout Tower
15:00 Scout Tower
15:08 Guard Tower
15:11 Scout Tower
15:13 Scout Tower
15:24 Guard Tower
» items
PIzDontKillme (
pink | 32 APM | 610 actions | 19:11)
4 Mountain King
2 Storm Bolt
2 Bash
» actions
| Assign group hotkey | 2 | |
| Basic commands | 20 | |
| Build / train | 50 | |
| Enter build submenu | 22 | |
| Enter hero's abilities submenu | 4 | |
| Give item / drop item | 1 | |
| Right click | 218 | |
| Select / deselect | 233 | |
| Select group hotkey | 2 | |
| Use ability | 58 | |
610 total
» units
| Peasant | 10 | |
| Footman | 7 | |
| Gryphon Rider | 14 | |
31 total
» upgrades
| Defend | 1 | |
| Plating | 1 | |
| Armor | 2 | |
| Swords | 2 | |
| Lumber Harvesting | 2 | |
8 total
» buildings
| Barracks | 1 | |
| Altar of Kings | 1 | |
| Blacksmith | 1 | |
| Farm | 11 | |
| Scout Tower | 1 | |
| Arcane Tower | 1 | |
| Arcane Vault | 1 | |
| Keep | 1 | |
| Lumber Mill | 1 | |
| Town Hall | 1 | |
| Castle | 1 | |
| Gryphon Aviary | 3 | |
24 total
» build order
00:45 Barracks
00:49 Altar of Kings
00:57 Blacksmith
01:10 Farm
01:28 Farm
02:23 Farm
02:32 Scout Tower
02:45 Farm
03:00 Arcane Tower
03:46 Arcane Vault
05:00 Farm
05:22 Keep
06:02 Lumber Mill
06:23 Farm
07:04 Town Hall
07:49 Castle
09:13 Gryphon Aviary
09:29 Gryphon Aviary
10:56 Gryphon Aviary
11:32 Farm
11:36 Farm
12:23 Farm
15:38 Farm
17:39 Farm
» items
| Orb of Fire | 1 | |
| Scroll of Regeneration | 1 | |
2 total
SlumLord (
green | 63 APM | 2162 actions | 34:12)
7 Blademaster
3 Wind Walk
3 Critical Strike
1 Bladestorm
3 Mountain King
1 Storm Bolt
1 Avatar
1 Bash
1 Shadow Hunter
1 Hex
» actions
| Assign group hotkey | 51 | |
| Basic commands | 51 | |
| Build / train | 83 | |
| Enter build submenu | 48 | |
| Enter hero's abilities submenu | 11 | |
| Give item / drop item | 5 | |
| Right click | 979 | |
| Select / deselect | 371 | |
| Select group hotkey | 398 | |
| Use ability | 165 | |
2162 total
» units
| Peon | 24 | |
| Grunt | 4 | |
| Troll Batrider | 9 | |
37 total
» upgrades
| Reinforced Defenses | 2 | |
| Envenomed Spears | 1 | |
| Liquid Fire | 1 | |
| Ranged Weapons | 1 | |
| Armor | 1 | |
| Troll Regeneration | 1 | |
7 total
» buildings
| Orc Burrow | 4 | |
| Altar of Storms | 1 | |
| Barracks | 1 | |
| Voodoo Lounge | 2 | |
| Stronghold | 3 | |
| War Mill | 1 | |
| Watch Tower | 32 | |
| Beastiary | 4 | |
| Fortress | 1 | |
| Great Hall | 1 | |
50 total
» build order
00:12 Orc Burrow
00:57 Orc Burrow
01:09 Altar of Storms
01:11 Barracks
01:41 Voodoo Lounge
02:54 Stronghold
02:54 Stronghold
02:54 Stronghold
03:31 War Mill
03:46 Orc Burrow
05:00 Watch Tower
05:01 Watch Tower
05:04 Watch Tower
05:05 Watch Tower
05:19 Beastiary
05:19 Beastiary
05:22 Orc Burrow
09:04 Watch Tower
09:05 Watch Tower
09:05 Watch Tower
09:06 Watch Tower
09:06 Watch Tower
09:08 Watch Tower
09:16 Watch Tower
09:17 Watch Tower
09:17 Watch Tower
09:20 Watch Tower
09:21 Watch Tower
09:33 Fortress
09:56 Great Hall
11:09 Watch Tower
11:10 Watch Tower
11:11 Voodoo Lounge
14:17 Watch Tower
14:18 Watch Tower
15:12 Watch Tower
15:13 Watch Tower
15:14 Watch Tower
15:14 Watch Tower
16:01 Watch Tower
16:02 Watch Tower
16:03 Watch Tower
16:06 Watch Tower
18:21 Beastiary
18:22 Beastiary
19:50 Watch Tower
19:51 Watch Tower
21:04 Watch Tower
21:05 Watch Tower
21:05 Watch Tower
» items
| Healing Salve | 3 | |
| Periapt of Vitality | 2 | |
| Potion of Lesser Invulnerability | 1 | |
| Potion of Mana | 4 | |
| Lesser Clarity Potion | 3 | |
| Potion of Healing | 4 | |
| Orb of Lightning | 1 | |
| Scroll of Town Portal | 1 | |
| Boots of Speed | 1 | |
| Potion of Invisibility | 2 | |
22 total
Chat log
(00:08 / Allies) Delroy: 100 g plz
(00:12 / Allies) Delroy: her emails tho!
(00:18 / Allies) Silver07: Sorry i need gold
(00:20 / All) her-emails-tho: BUT HER EMAILS
(00:49 / All) SlumLord: but trump made a typo!
(01:03 / All) her-emails-tho: i dont even know what trump did wrong
(01:09 / All) her-emails-tho: they hated him from day one
(01:24 / All) AndrewSucksD1ck: nobody cares
(01:26 / Allies) Delroy: who tf is they?
(01:30 / All) SlumLord: should tell these retards something that wall street, msm, everything colluded with hillary
(01:49 / All) Delroy: we should all pool together and buy delroy a party with high end hookers.
(01:52 / All) SlumLord: they get paid to obfuscate
(02:07 / All) her-emails-tho: pick my hero delroy
(02:08 / All) her-emails-tho: gogo
(02:11 / All) her-emails-tho: which tavern
(02:12 / Allies) Delroy: tc
(02:14 / Allies) Delroy: oh idk
(02:16 / Allies) Delroy: panda
(02:17 / All) her-emails-tho: FOOL PICK
(02:27 / All) SlumLord: lady's choice
(03:05 / Allies) her-emails-tho: do i have 5 on gold cant tell
(03:13 / Allies) Delroy: ya
(03:14 / Allies) Delroy: u high?
(03:20 / Allies) her-emails-tho: no just gay
(03:36 / Allies) Delroy: my nigger.
(03:38 / Allies) her-emails-tho: want to creep and do dungeons together
(03:48 / Allies) her-emails-tho: can i come
(04:08 / Allies) Delroy: sure u tank like nigger slave.
(04:34 / Allies) Delroy: ur dieing bro
(04:35 / All) her-emails-tho: frost armor is gay
(05:09 / All) her-emails-tho: delroy do u play world of wc
(05:12 / All) Delroy: i have
(05:17 / All) her-emails-tho: what sever
(05:20 / All) Delroy: akama
(05:25 / All) Delroy: and then some popular pvp ones that i didnt care about
(05:27 / All) Delroy: MT i think
(05:34 / All) Delroy: kel thuzad or somrtihn
(05:37 / All) her-emails-tho: i played on blackrock
(05:42 / All) her-emails-tho: then kil jaden
(05:50 / All) 7o10so4880ooOoO: we played on the forgotten coast at one point too
(06:33 / Allies) her-emails-tho: 100 wood
(06:39 / All) her-emails-tho: green
(06:53 / All) her-emails-tho: wow good allies
(07:04 / All) AndrewSucksD1ck: looks like it
(07:12 / Allies) Delroy: my insight plz
(07:20 / Allies) 7o10so4880ooOoO: thanks for taking my item asshole
(07:24 / Allies) her-emails-tho: illt ake pipe
(07:26 / Allies) Delroy: u have the aura..
(07:30 / Allies) 7o10so4880ooOoO: give yellow the item
(07:33 / Allies) 7o10so4880ooOoO: it's my item and I say he gets it
(07:41 / Allies) Delroy: come yeller
(07:49 / Allies) her-emails-tho: cc for now
(08:19 / Allies) 7o10so4880ooOoO: gonna go bot right
(08:41 / All) AndrewSucksD1ck: ouch
(08:55 / All) her-emails-tho: tp blue
(09:37 / Allies) her-emails-tho: HLEP IT
(09:46 / Allies) her-emails-tho: abandon t
(10:42 / Allies) her-emails-tho: blue stay
(10:44 / Allies) her-emails-tho: at oj
(11:46 / Allies) Delroy: stat gonna die.
(12:08 / Allies) Delroy: LMFAO
(12:14 / Allies) Delroy: check expos
(12:50 / Allies) Delroy: damn i suck.
(12:53 / Allies) her-emails-tho: hit red
(13:05 / Allies) Silver07: meet
(13:06 / Allies) her-emails-tho: red is weak
(13:07 / Allies) her-emails-tho: hit red
(13:16 / Allies) Delroy: wtf is green doing?
(13:37 / Allies) Silver07: im b
(13:43 / Allies) Silver07: lagg sorry
(13:55 / Allies) Delroy: gold me anyone?
(13:57 / Allies) Delroy: for frostiss
(14:12 / Allies) Delroy: k im going upkeep then..
(14:40 / Allies) her-emails-tho: cmon fools
(14:55 / Allies) Delroy: we have no melee.
(16:21 / All) 7o10so4880ooOoO: rape
(17:22 / Allies) 7o10so4880ooOoO: lumber me
(17:29 / Allies) Silver07: I need expo
(17:30 / Allies) 7o10so4880ooOoO: ty
(18:14 / Allies) her-emails-tho: go away from green
(18:18 / Allies) her-emails-tho: he is a troll
(18:25 / All) PIzDontKillme: this mfer green sitting on 4k gold
(18:35 / All) Delroy: teal wtf u just kill?
(18:39 / All) 7o10so4880ooOoO: don't tell me your sob story because I don
(18:41 / All) 7o10so4880ooOoO: 't care
(19:08 / All) PIzDontKillme: sob story you win some you lose some we got the noob green this game'
(20:03 / Allies) Delroy: gold plz
(20:06 / Allies) Delroy: nigger green killed all my shit.
(20:21 / Allies) 7o10so4880ooOoO: I'll kill the rest
(20:34 / Allies) Delroy: your killing me? lol
(20:42 / Allies) Delroy: thanks pal
(20:51 / Allies) her-emails-tho: wood plz
(20:55 / Allies) 7o10so4880ooOoO: good for nothin item thief
(21:27 / Allies) Silver07: Kill red
(21:33 / Allies) Silver07: green*
(21:41 / Allies) Delroy: blue.. u just killed me too LOL
(21:50 / Allies) her-emails-tho: how?
(23:07 / Allies) 7o10so4880ooOoO: purp tker
(23:10 / Allies) 7o10so4880ooOoO: killing blue
(23:12 / Allies) 7o10so4880ooOoO: on top of everything else
(23:14 / Allies) 7o10so4880ooOoO: kill purp
(23:18 / Allies) Silver07: whats going on
(23:32 / Allies) 7o10so4880ooOoO: kill purp
(23:32 / Allies) Delroy: i watched u kill my last aco faggot.
(23:54 / All) her-emails-tho: purple wtf
(23:58 / Allies) Silver07: report purple
(24:07 / All) 7o10so4880ooOoO: report purple tk
(24:16 / All) her-emails-tho: def reporting him
(24:27 / All) 7o10so4880ooOoO: green join us and report purp with me and blue and yel
(25:03 / Allies) Silver07: Thank you purple
(25:09 / Allies) Delroy: ???
(25:18 / All) Delroy: green is so dumb hes killing me too lmfao
(25:18 / Allies) Silver07: Thanks for kill me
(25:23 / All) SlumLord: lol
(25:25 / All) SlumLord: you the dummy
(25:50 / All) SlumLord: STOP
(25:52 / All) SlumLord: HAMMER TIME
(25:54 / All) 7o10so4880ooOoO: orb of corruption works on allies
(26:09 / All) SlumLord: you like delroy?
(26:17 / All) SlumLord: mk from outta nowhere?
(26:21 / All) her-emails-tho: purp ill let ur worms live if u kill my buildings
(26:31 / All) Delroy: hahaah
(26:35 / All) Delroy: wich one of you is owl faggot?
(26:49 / All) SlumLord: None of us I don't think
(26:58 / All) Delroy: thats funny
(27:03 / All) Delroy: who is in the mexican standoff with me?
(27:10 / All) SlumLord: my team all left
(27:12 / Allies) Silver07: orange yellow attack together
(27:14 / All) Delroy: yellow orange and green are all family niggers
(27:21 / Allies) 7o10so4880ooOoO: attack yellow?
(27:22 / Allies) 7o10so4880ooOoO: why?
(27:23 / All) Delroy: and blue is so dumb he attacked me as well.
(27:28 / All) SlumLord: we playin on the porch righ now
(27:30 / All) SlumLord: sippin 40s
(27:31 / Allies) 7o10so4880ooOoO: are you a tker too, why do you want me to attack yellow?
(27:35 / All) her-emails-tho: y did blue attack purple
(27:42 / All) Delroy: i think he is retarded.
(27:50 / All) Delroy: so i decided to help you nigger guys out
(27:51 / All) 7o10so4880ooOoO: our team i sall tkers gg
(27:53 / All) Delroy: and kill him up
(27:56 / All) 7o10so4880ooOoO: blue wants me to kill yellow
(27:58 / All) Delroy: lmfoa we really are.
(28:10 / All) SlumLord: I just a moved the leaver shit
(28:15 / All) her-emails-tho: blue y dont u like me
(28:24 / All) SlumLord: I lost track of my bats and they started attacking mid towers
(28:38 / Allies) Delroy: LOL
(28:41 / Allies) Silver07: lol
(28:44 / All) Delroy: u guys all playing togeher?
(28:47 / All) her-emails-tho: delroy knows hte drill
(28:51 / Allies) Silver07: kids....
(29:12 / All) her-emails-tho: blue, would you be willing to leave ur compter on all night
(29:12 / All) Delroy: i knew it as soon as i saw loading screen
(29:16 / All) Delroy: LMFAO
(29:41 / All) Delroy: do u guys know owl nigger?
(29:46 / All) SlumLord: misclicked the bolt and hit a wyv lalw
(29:49 / All) Delroy: or is this a completely different possy?
(30:02 / All) SlumLord: never met these guys before in my life
(30:05 / All) her-emails-tho: we are
(30:07 / All) her-emails-tho: texas
(30:10 / All) SlumLord: Yellow? Orange? NEVAH HOYD OF EM
(30:13 / All) her-emails-tho: and s4s texas
(30:36 / All) SlumLord: Texas is a schizo we're all one of his personalities
(30:40 / All) Delroy: u are my nigger angry?
(30:40 / All) SlumLord: playing simultaneously
(30:50 / All) her-emails-tho: angry pissed one of us off actually lawl
(31:00 / All) Delroy: Howso?
(31:16 / All) SlumLord: Angry doesn't live up to the stabber code of ethics, and cares too deeply about his war3 rec
(31:47 / All) Delroy: oh alright.
(31:48 / All) SlumLord: Arashicage and Bor Stonebreaker, each have claims to the GOAT title
(31:51 / All) Delroy: have fun i gotta clean some fish tanks
(31:54 / All) SlumLord: GOAT BM and GOAT MK
(32:02 / All) SlumLord: Tujara is my pick as GOAT BM tho
(32:02 / All) her-emails-tho: afk
(32:11 / All) SlumLord: Moogul is the dark horse, they don't call him the sly for nothing